 Dungeon Crawl Stone Soup version 0.31-a0-986-g5e6e4ef867 (webtiles) character file.

Game seed: 11986594179776499805

95 IdlyInterested the Caller (level 4, -4/32 HPs)
             Began as a Demonspawn Wanderer on Nov 16, 2023.
             Slain by IdlyInterested's ghost (13 damage)
             ... on level 3 of the Dungeon.
             The game lasted 00:09:33 (2708 turns).

IdlyInterested the Caller (Demonspawn Wanderer)     Turns: 2708, Time: 00:09:36

Health: -4/32      AC:  3    Str: 10    XL:     4   Next: 40%
Magic:  6/7        EV: 12    Int: 13    God:
Gold:   266        SH:  4    Dex: 17    Spells: 6/7 levels left

rFire   . . .        t - +2 dagger (vamp)
rCold   . . .        c - +0 buckler
rNeg    . . .        j - +0 robe
rPois   .            (no helmet)
rElec   .            d - +0 cloak
rCorr   .            (no gloves)
SInv    .            (no boots)
Will    .....        (no amulet)
Stlth   ++           (no ring)
HPRegen 0.25/turn    (no ring)
MPRegen 0.10/turn

%: no passive effects
@: mighty
A: demonic magic 1, agile 1, dopey 1, inability to read after injury 1
a: no special abilities


You were on level 3 of the Dungeon.
You visited 1 branch of the dungeon, and saw 3 of its levels.

You collected 266 gold pieces.

Inventory:

Hand Weapons
 a - a +0 dagger
 e - a +0 rapier
 t - a +2 vampiric dagger (weapon)
Missiles
 h - 46 stones
 k - 6 curare-tipped darts
 p - 6 poisoned darts
Armour
 c - a +0 buckler (worn)
 d - a +0 cloak (worn)
 g - a +0 scale mail
 j - a +0 robe (worn)
 l - a +0 chain mail
 o - a +0 leather armour
 s - a +0 ring mail
Talismans
 w - a beast talisman
Wands
 q - a wand of paralysis (8)
Scrolls
 b - a scroll of teleportation
 f - a scroll of enchant armour
 n - a scroll of amnesia {unknown}
 u - 2 scrolls of vulnerability
 x - a scroll of brand weapon {unknown}
Potions
 i - a potion of mutation
 r - a potion of heal wounds {unknown}
 v - a potion of haste {unknown}


   Skills:
 + Level 1.6 Fighting
 * Level 1.7 Short Blades
 - Level 1.0 Armour
 - Level 3.0 Dodging
 - Level 2.0 Spellcasting
 * Level 4.4 Summonings
 - Level 2.0 Invocations


You had 6 spell levels left.
You knew the following spells:

 Your Spells              Type           Power      Damage    Failure   Level
a - Summon Small Mammal   Summ           48%        N/A       6%          1

Your spell library contained the following spells:

 Spells                   Type           Power      Damage    Failure   Level
 Cigotuvi's Dreadful Rot  Necr/Pois/Air  2%         N/A       50%         2
 Poisonous Vapours        Pois/Air       2%         N/A       50%         2
 Animate Armour           Summ/Erth      14%        N/A       83%         4
 Summon Ice Beast         Ice/Summ       7%         N/A       83%         4


Dungeon Overview and Level Annotations

Branches:
Dungeon (3/15)

Altars:
Fedhas

Annotations:
D:3 1 transporter, IdlyInterested's ghost, amateur DsWn


Innate Abilities, Weirdness & Mutations

Spells you cast may paralyse adjacent enemies.
You are agile. (Dex +4, Str/Int -1)
You are dopey. (Int -2)
You occasionally lose the ability to read scrolls when taking damage.


Message History

The helpless ball python fails to defend itself.
You puncture the ball python!
You feel better.
You kill the ball python!
The ball python is no longer paralysed.
Your bat hits the ice beast. You block the ball python's attack.
The ball python barely misses you.
Your bat barely misses the ice beast.
The ball python closely misses you. The ball python grabs you.
The ball python constricts you.
You closely miss the ball python. You block the ice beast's attack.
Something loses its grip on you.
Your bat barely misses the ice beast.
Your bat closely misses the kobold.
You hit the ice beast.
The ice beast is severely wounded.
Your bat hits the ice beast but does no damage.
Your bat hits the kobold but does no damage.
Your bat misses the ice beast. The ice beast closely misses you.
You barely miss the ice beast.
The ice beast is severely wounded.
Your bat barely misses IdlyInterested's ghost.
Your bat closely misses the ice beast.
Your bat completely misses IdlyInterested's ghost.
The ice beast hits you but does no damage.
IdlyInterested's ghost hits you. IdlyInterested's ghost freezes you.
Your bat hits the ice beast but does no damage.
Your bat closely misses IdlyInterested's ghost.
You hit the ice beast but do no damage.
The ice beast is severely wounded.
Your bat barely misses the ice beast.
Your bat hits IdlyInterested's ghost but does no damage.
Your bat barely misses IdlyInterested's ghost.
The ice beast hits you. The ice beast freezes you!
IdlyInterested's ghost hits you. IdlyInterested's ghost freezes you.
* * * LOW HITPOINT WARNING * * *
Your bat hits IdlyInterested's ghost but does no damage.
It was a potion of might.
You feel very mighty all of a sudden.
Your bat closely misses the ice beast.
Your bat closely misses IdlyInterested's ghost.
Your bat hits IdlyInterested's ghost. The ice beast closely misses you.
IdlyInterested's ghost hits you!
You die...

#.#####.......#.# #.#
#.#...#...##..#.# #.#
#.........##..#.####.#
####....................#
#...................#####
#.##................#
#)##....#########...#########
####.##...##......©##..##......#
......#...#8.#..@#.8#..##.####.##
####......#..b#Y#W..#..##.##.....
#........#....KSb.?#.....##.#.##
#.##.#..©#....©...[#©..#<.....#
#.##.##..#........$#..#####.###
#....##..#...#.#...#..# #.#
#........#8.#...#.8#..#####.## #
#..####..##.......##..#...>.<###
##<........#########...#........#


You could see an ice beast (ally target), IdlyInterested's ghost, a kobold and 2
friendly bats.

Vanquished Creatures
  2 adders (D:2)
  A dart slug (D:1)
  4 endoplasms
  4 giant cockroaches
  7 goblins
  3 hobgoblins
  A jackal (D:1)
  4 quokkas
  4 ball pythons
  A bat (D:3)
  3 kobolds
  3 rats
37 creatures vanquished.

Vanquished Creatures (collateral kills)
  2 adders (D:2)
  A dart slug (D:2)
  2 ball pythons
  A bat (D:1)
  3 goblins
  A hobgoblin (D:1)
  A jackal (D:1)
  A frilled lizard (D:1)
  3 kobolds
  A rat (D:1)
16 creatures vanquished.

Grand Total: 53 creatures vanquished

Notes
Turn   | Place    | Note
-------+----------+-------------------------------------------
     0 | D:1      | IdlyInterested the Demonspawn Wanderer began the quest for
                  | the Orb.
     0 | D:1      | IdlyInterested set off with the following items: a +0
                  | dagger, a scroll of teleportation, a +0 robe, a +0 cloak;
                  | and the following spell memorised: Summon Small Mammal; and
                  | the following spells available to memorise: Cigotuvi's
                  | Dreadful Rot, Poisonous Vapours, Animate Armour, Summon Ice
                  | Beast.
     0 | D:1      | Reached XP level 1. HP: 13/13 MP: 3/3
   254 | D:1      | Reached skill level 1 in Armour
   254 | D:1      | Gained mutation: Spells you cast may paralyse adjacent
                  | enemies. [demonic ancestry]
   254 | D:1      | Reached XP level 2. HP: 3/20 MP: 0/5
   465 | D:1      | Reached skill level 1 in Fighting
   873 | D:1      | Reached XP level 3. HP: 26/26 MP: 3/6
  1096 | D:2      | Reached skill level 1 in Short Blades
  1129 | D:2      | HP: 1/26 [poisoned by an adder]
  1553 | D:2      | Reached XP level 4. HP: 21/32 MP: 5/7
  1986 | D:3      | Gained mutation: You occasionally lose the ability to read
                  | scrolls when taking damage. [potion of mutation]
  1986 | D:3      | Gained mutation: You are agile. (Dex +4, Str/Int -1)
                  | [potion of mutation]
  1986 | D:3      | Gained mutation: You are dopey. (Int -2) [potion of
                  | mutation]
  2025 | D:3      | Found a transporter.
  2031 | D:3      | Noticed IdlyInterested's ghost (amateur DsWn)
  2031 | D:3      | Noticed an ice beast
  2060 | D:3      | Found a blossoming altar of Fedhas.
  2123 | D:3      | Found a transporter.
  2545 | D:3      | Found a faded altar of an unknown god.
  2708 | D:3      | Slain by IdlyInterested's ghost

Illustrated notes

Levels and vault maps discovered:
D:1:      dpeg_arrival_water_temple_mockup, layout_basic,
          chequers_serial_rivers_room_a
D:2:      layout_loops_cross, basic_altar, st_stairs_9
D:3:      layout_loops_cross, fedhas_altar_2, gammafunk_ghost_arena,
          basic_ecumenical_altar

Skill      XL: |  1  2  3  4 |
---------------+-------------+-----
Armour         | 1 |  1.0
Fighting       | 1 |  1.6
Short Blades   | 1 |  1.7
Dodging        | 3 |  3.0
Invocations    | 2 |  2.0
Spellcasting   | |  2.0
Summonings     | |  4.4

Action                     |  1- 3 |  4- 6 || total
---------------------------+-------+-------++-------
  Melee: Rapier            |    50 |    28 ||    78
         Dagger            |    27 |    21 ||    48
         Punch             |     1 |       ||     1
   Cast: Summon Small Mamm |    25 |    12 ||    37
    Use: Potion            |     2 |     2 ||     4
         Scroll            |     2 |     1 ||     3
   Stab: Paralysed         |    14 |     8 ||    22
         Distracted        |     1 |       ||     1
         Sleeping          |       |     4 ||     4
 Armour: Robe              |    59 |    29 ||    88
  Dodge: Dodged            |    66 |    33 ||    99
  Block: Buckler           |       |    10 ||    10

Table legend: (Time is in decaauts)
 A = Elapsed time spent in this place.
 B = Non-inter-level travel time spent in this place.
 C = Inter-level travel time spent in this place.
 D = Time resting spent in this place.
 E = Time spent auto-exploring this place.
 F = Levels seen in this place.
 G = Mean time per level.
                   A        B        C        D        E       F      G
               +--------+--------+--------+--------+--------+-----+--------+
         Total |   2720 |   2567 |    153 |    678 |   1203 |   3 |  906.7 |
       Dungeon |   2720 |   2567 |    153 |    678 |   1203 |   3 |  906.7 |
               +--------+--------+--------+--------+--------+-----+--------+

Top non-repeatable levels by time:
     D:1: 1079 daAuts
     D:2: 901 daAuts
     D:3: 738 daAuts
